 Dungeon Crawl Stone Soup version 0.32-a0-485-g70f7560b1c (webtiles) character file.

Game seed: 15295515494375183640

20 ragingrage the Grave Robber (level 2, 0/24 HPs)
             Began as an Armataur Necromancer on Feb 27, 2024.
             Slain by an adder (2 damage)
             ... on level 2 of the Dungeon.
             The game lasted 00:02:01 (835 turns).

ragingrage the Grave Robber (Armataur Necromancer)   Turns: 835, Time: 00:02:02

Health: 0/24       AC:  4    Str: 13    XL:     2   Next: 58%
Magic:  4/4        EV:  9    Int: 15    God:
Gold:   55         SH:  0    Dex: 10    Spells: 3/4 levels left

rFire   . . .        a - +0 short sword
rCold   . . .        (no shield)
rNeg    . . .        h - +0 robe
rPois   .            (no helmet)
rElec   .            (no cloak)
rCorr   .            (no gloves)
SInv    .            (no barding)
Will    .....        (no amulet)
Stlth   ++           (no ring)
HPRegen 0.24/turn    (no ring)
MPRegen 0.09/turn

%: roll
@: lethally poisoned (0 -> -1), attractive, invisible
A: large, deformed body, tough skin 3, armoured tail, roll 1
a: no special abilities


You were on level 2 of the Dungeon.
You visited 1 branch of the dungeon, and saw 2 of its levels.

You collected 55 gold pieces.

Inventory:

Hand Weapons
 a - a +0 short sword (weapon)
 b - a +0 sling
 d - a +0 falchion
 f - a +0 dagger
 l - a +0 trident
Missiles
 g - a throwing net
Armour
 h - a +0 robe (worn)
Scrolls
 i - a scroll of blinking {unknown}
Potions
 j - a potion of magic
 k - 2 potions of lignification {unknown}
 m - 2 potions of degeneration {unknown}
 n - a potion of brilliance {unknown}


   Skills:
 + Level 1.8 Fighting
 - Level 0.6 Short Blades
 + Level 0.1 Polearms
 - Level 1.3 Dodging
 - Level 2.1 Stealth
 - Level 1.7 Spellcasting
 - Level 3.2 Necromancy


You had 3 spell levels left.
You knew the following spells:

 Your Spells              Type           Power      Damage    Failure   Level
a - Necrotise             Necr           44%        1d6       6%          1

Your spell library contained the following spells:

 Spells                   Type           Power      Damage    Failure   Level
 Vampiric Draining        Necr           11%        2d6       19%         3
 Animate Dead             Necr           11%        N/A       52%         4
 Curse of Agony           Necr           11%        N/A       86%         5


Dungeon Overview and Level Annotations

Branches:
Dungeon (2/15)

Altars:


Innate Abilities, Weirdness & Mutations

Armour fits poorly on your strangely shaped body.
You have extremely tough skin. (AC +3)
You have a long armoured tail.
You regenerate magic when rolling toward enemies. (Rampage MPRegen)


Message History

l - a +0 trident (weapon)
a - a +0 short sword (weapon)
You hit the adder. The adder closely misses you.
You roll towards the ball python!
You completely miss the ball python.
Your tail-slap misses the ball python.
The ball python barely misses you. The adder bites you.
You hit the adder. The ball python misses you. The adder bites you.
You barely miss the adder. The ball python bites you.
The adder bites you but does no damage.
The ball python bites you but does no damage.
You completely miss the adder. The adder bites you.
The ball python closely misses you. The adder barely misses you.
You miss the adder. The adder bites you. The ball python bites you.
You closely miss the adder. The adder bites you.
You are poisoned.
The adder poisons you!
The ball python bites you but does no damage.
You hit the adder but do no damage.
You feel sick. The adder barely misses you. The ball python barely misses you.
You hit the adder but do no damage.
You feel sick. The adder closely misses you.
The ball python bites you but does no damage.
You hit the adder but do no damage.
You feel sick. The adder bites you.
The ball python bites you but does no damage.
The adder bites you.
You miss the adder. You tail-slap the adder.
You feel sick. The ball python bites you.
* * * LOW HITPOINT WARNING * * *
The adder bites you but does no damage.
It was a potion of attraction.
You feel attractive to monsters.
You feel sick.
The ball python bites you but does no damage.
The adder bites you but does no damage. The ball python misses you.
It was a potion of invisibility.
You fade into invisibility!
You feel sick. The adder barely misses you. The ball python bites you.
* * * LOW HITPOINT WARNING * * *
The adder bites you.
You die...

..#......#######.######.#########
..+......+......................>
..#......###.######.......#.####.
..#...######## #.........+.# #..
..'..## ≈≈≈≈ #....)....#####.#
..#..# ....≈ #...####### #...#
..#..# #.!≈###...# ##.### ###..#
♣..'.#S..# ##..# ##.#
#.≈#S@...#######..## # #.# ♣.S
#####.....#...## # #.# ...
#.......### # ### ≈≈≈ #......## #
## #.....## # #.....# # #####
#.....# ######...## #.....#
+.........# #.....#


You could see an adder (unable to see you) and a ball python (unable to see
you).

Vanquished Creatures
  2 dart slugs
  3 ball pythons (D:2)
  4 bats
  An endoplasm (D:2)
  2 hobgoblins (D:2)
  A quokka (D:2)
  2 kobolds
  A rat (D:1)
16 creatures vanquished.

Notes
Turn   | Place    | Note
-------+----------+-------------------------------------------
     0 | D:1      | ragingrage the Armataur Necromancer began the quest for the
                  | Orb.
     0 | D:1      | Reached XP level 1. HP: 14/14 MP: 3/3
     3 | D:1      | You fall into a shaft and drop 1 floor!
    90 | D:2      | Reached skill level 1 in Fighting
   129 | D:2      | Reached XP level 2. HP: 23/23 MP: 4/4
   835 | D:2      | Slain by an adder

Illustrated notes

Levels and vault maps discovered:
D:1:      minmay_arrival_up_and_down, layout_basic, minmay_vboxes
D:2:      layout_basic, grunt_ministairs_15, kennysheep_another_room

Skill      XL: |  1 |
---------------+----+-----
Fighting       | 1 |  1.8
Short Blades   | |  0.6
Polearms       | |  0.1
Dodging        | |  1.3
Stealth        | |  2.1
Spellcasting   | |  1.7
Necromancy     | |  3.2

Action                     || total
---------------------------++-------
  Melee: Falchion          ||     4
         Unarmed           ||     4
         Tailslap          ||     6
         Short sword       ||    23
         Dagger            ||     9
   Fire: Sling             ||    11
   Cast: Necrotise         ||     6
    Use: Potion            ||     2
   Stab: Sleeping          ||     3
 Armour: Robe              ||    29
  Dodge: Dodged            ||    24

Table legend: (Time is in decaauts)
 A = Elapsed time spent in this place.
 B = Non-inter-level travel time spent in this place.
 C = Inter-level travel time spent in this place.
 D = Time resting spent in this place.
 E = Time spent auto-exploring this place.
 F = Levels seen in this place.
 G = Mean time per level.
                   A        B        C        D        E       F      G
               +--------+--------+--------+--------+--------+-----+--------+
         Total |    835 |    799 |     36 |     31 |    523 |   2 |  417.5 |
       Dungeon |    835 |    799 |     36 |     31 |    523 |   2 |  417.5 |
               +--------+--------+--------+--------+--------+-----+--------+

Top non-repeatable levels by time:
     D:2: 715 daAuts
     D:1: 119 daAuts
